 Dungeon Crawl Stone Soup version 0.20.1-1-g8b1a95d (webtiles) character file.

49 Nattfarinn the Vexing (level 3, -1/19 HPs)
             Began as a Deep Elf Enchanter on Aug 2, 2017.
             Slain by baghtru's ghost (9 damage)
             ... on level 3 of the Dungeon.
             The game lasted 00:04:47 (2111 turns).

Nattfarinn the Vexing (Deep Elf Enchanter)          Turns: 2111, Time: 00:04:47

Health: -1/19      AC:  2    Str:  5    XL:     3   Next: 51%
Magic:  9/9        EV: 12    Int: 20    God:
Gold:   99         SH:  3    Dex: 15    Spells: 1/8 levels left

rFire    . . .     SeeInvis .   a - +1 dagger
rCold    . . .     Gourm    .   h - +0 buckler
rNeg     . . .     Faith    .   b - +0 robe
rPois    .         Spirit   .   l - +0 hat
rElec    .         Reflect  .   (no cloak)
rCorr    .         Harm     .   (no gloves)
MR       .....                  (no boots)
Stlth    ++++......             (no amulet)
Regen    0.1/turn               q - ring of stealth
MPRegen  0.2/turn               (no ring)

@: no status effects
A: no striking features
a: no special abilities


You were on level 3 of the Dungeon.
You were not hungry.

You visited 1 branch of the dungeon, and saw 3 of its levels.

You collected 99 gold pieces.

Inventory:

Hand Weapons
 a - a +1 dagger (weapon)
Armour
 b - a +0 robe (worn)
 h - a +0 buckler (worn)
 l - a +0 hat (worn)
Jewellery
 q - a ring of stealth (left hand)
Scrolls
 e - a scroll of amnesia {unknown}
 i - a scroll of remove curse {unknown}
 k - 3 scrolls of identify {unknown}
 m - a scroll of fear {unknown}
 o - a scroll of enchant armour {unknown}
 p - a scroll of teleportation {unknown}
Potions
 g - a potion of heal wounds {unknown}
 r - a potion of mutation {unknown}
Books
 c - a book of Maledictions

   Spells                             Type                      Level
   a - Corona                         Hexes                        1
   b - Ensorcelled Hibernation        Hexes/Ice                    2
   c - Confuse                        Hexes                        3
   d - Tukima's Dance                 Hexes                        3
   e - Dazzling Spray                 Conjuration/Hexes            3
Comestibles
 d - 3 bread rations
 f - a meat ration
 j - 5 fruits
 n - 2 chunks of flesh


   Skills:
 + Level 1.6 Short Blades
 + Level 2.9 Dodging
 + Level 4.4 Stealth
 + Level 0.1 Shields
 - Level 3.0 Spellcasting
 * Level 4.7 Hexes


You had one spell level left.
You knew the following spells:

 Your Spells              Type           Power        Failure   Level  Hunger
a - Corona                Hex            ###....      3%          1    None
b - Confuse               Hex            ###.....     10%         3    ###....
c - Tukima's Dance        Hex            ###.....     10%         3    ###....


Dungeon Overview and Level Annotations

Branches:
Dungeon (3/15)

Altars:
Dithmenos
Fedhas

Annotations:
D:3 baghtru's ghost, amateur HOFi


Message History

Some of the chunks of flesh in your inventory have rotted away.
There is a stone staircase leading down here.
You climb downwards.
A quokka and a goblin come into view.
There is a stone staircase leading up here.
Found a meat ration.
Baghtru's ghost (amateur Hill Orc Fighter) comes into view.
The goblin shouts!
Baghtru's ghost turns its malevolent gaze towards you.
The goblin barely misses you.
You barely miss baghtru's ghost. You block baghtru's ghost's attack.
The goblin hits you but does no damage. The quokka bites you.
Baghtru's ghost hits you! The quokka barely misses you.
The goblin wields a hunting sling.
The goblin shoots a stone.
The stone misses you.
You see here a stone.
The goblin moves out of view.
There is a stone staircase leading up here.
Baghtru's ghost hits you!
You die...

#.# #.#
## #.# .#
#.# .#
#.##.##.#
#.......#
#r..%...#
#W##.##.#
#@# .# #
#.# ##
#.. ###.
.# . ##


You could see baghtru's ghost and a quokka.

Vanquished Creatures
  3 dart slugs
  A leopard gecko (D:1)
  An orc (D:2)
  5 bats
  9 goblins
  2 hobgoblins (D:2)
  7 kobolds (D:2)
  A quokka (D:2)
  3 frilled lizards
  8 rats
40 creatures vanquished.

Notes
Turn   | Place    | Note
-------+----------+-------------------------------------------
     0 | D:1      | Nattfarinn the Deep Elf Enchanter began the quest for the Orb.
     0 | D:1      | Reached XP level 1. HP: 10/10 MP: 6/6
   477 | D:1      | Reached XP level 2. HP: 15/15 MP: 8/8
  1218 | D:2      | Found a shadowy altar of Dithmenos.
  1234 | D:2      | Reached XP level 3. HP: 14/19 MP: 9/9
  1241 | D:2      | Learned a level 3 spell: Confuse
  1245 | D:2      | Learned a level 3 spell: Tukima's Dance
  1484 | D:2      | Found a blossoming altar of Fedhas.
  2106 | D:3      | Noticed baghtru's ghost (amateur HOFi)
  2111 | D:3      | Slain by baghtru's ghost

Skill      XL: |  1  2 |
---------------+-------+-----
Stealth        | 4 |  4.4
Short Blades   | |  1.6
Dodging        | |  2.9
Shields        | |  0.1
Spellcasting   | |  3.0
Hexes          | |  4.7

Action                   || total
-------------------------++-------
Melee: Dagger            ||   162
 Cast: Corona            ||     1
       Confuse           ||     1
 Stab: Sleeping          ||     7
       Confused          ||     1
  Eat: Chunk             ||     4
Armor: Robe              ||    32
Dodge: Dodged            ||    83
Block: Buckler           ||    17
